 Dungeon Crawl Stone Soup version 0.18-a0-1180-g64ccc1e (webtiles) character file.

4697 Leszczynek the Carver (level 10, -2/112 HPs)
             Began as a Naga Wizard on Jan 27, 2016.
             Was a Priest of Vehumet.
             Slain by a cyclops (21 damage)
             ... on level 8 of the Dungeon.
             The game lasted 00:36:00 (12143 turns).

Leszczynek the Carver (Naga Wizard)                Turns: 12143, Time: 00:36:00

Health: -2/112     AC: 25    Str: 17    XL:     10   Next: 45%
Magic:  8/14       EV:  1    Int: 20    God:    Vehumet [***...]
Gold:   289        SH:  0    Dex:  9    Spells: 6 memorised, 2 levels left

rFire  . . .     SeeInvis +     a - +2 great sword (elec)
rCold  . . .     Gourm    .     (armour currently unavailable)
rNeg   + + +     Faith    .     (shield currently unavailable)
rPois  +         Spirit   .     (helmet currently unavailable)
rElec  .         Dismiss  .     (cloak currently unavailable)
rCorr  .         Reflect  .     (gloves currently unavailable)
SustAt .         Harm     .     (no barding)
MR     +....     NoTele   +     (no amulet)
Stlth  +++.......               (no ring)
                                (no ring)

@: mighty, tree-form, repel missiles, somewhat resistant to hostile
enchantments, fairly stealthy
A: see invisible, (deformed body), (poison resistance), (slowness 0), slow
metabolism 1, spit poison 2, AC +3
a: Spit Poison, Renounce Religion


You were on level 8 of the Dungeon.
You worshipped Vehumet.
Vehumet was most pleased with you.
You were not hungry.
You were a tree.
You visited 2 branches of the dungeon, and saw 9 of its levels.

You collected 484 gold pieces.
You spent 195 gold pieces at shops.

Inventory:

Hand Weapons
 a - a +2 great sword of electrocution (weapon)
 b - a +0 hunting sling
 p - a +0 blowgun
 C - a +2 dagger of draining
Missiles
 f - 40 sling bullets
 g - 32 poisoned needles
 h - 169 stones (quivered)
 t - 2 javelins
 D - 3 tomahawks
 G - a throwing net
Armour
 j - a +0 helmet of intelligence (melded)
 k - a +0 robe (melded)
 n - a +1 cloak (melded)
 E - a +0 pair of gloves (melded)
Jewellery
 x - an uncursed ring of ice
Wands
 u - a wand of flame (32/48)
 I - a wand of polymorph (17/24)
Scrolls
 m - a scroll of enchant weapon
 y - 2 scrolls of amnesia
 z - 2 scrolls of remove curse
Potions
 e - 2 potions of haste
 i - a potion of invisibility {unknown}
 o - 3 potions of might
 q - 3 potions of brilliance
 r - 4 potions of agility
 s - a potion of curing
 v - 2 potions of poison {unknown}
 w - a potion of lignification
 A - 2 potions of flight {unknown}
 F - 2 potions of heal wounds {unknown}
 H - 2 potions of mutation {unknown}
Books
 c - a book of Minor Magic

   Spells                             Type                      Level
   a - Magic Dart                     Conjuration                  1
   b - Blink                          Translocation                2
   c - Call Imp                       Summoning                    2
   d - Repel Missiles                 Charms/Air                   2
   e - Slow                           Hexes                        2
   f - Conjure Flame                  Conjuration/Fire             3
   g - Mephitic Cloud                 Conjuration/Poison/Air       3
 B - a book of Conjurations

   Spells                             Type                      Level
   a - Magic Dart                     Conjuration                  1
   b - Searing Ray                    Conjuration                  2
   c - Dazzling Spray                 Conjuration/Hexes            3
   d - Fulminant Prism                Conjuration/Hexes            4
   e - Iskenderun's Mystic Blast      Conjuration                  4
   f - Iskenderun's Battlesphere      Conjuration/Charms           5
Comestibles
 d - 3 bread rations
 l - 3 meat rations
 J - 7 chunks of flesh


   Skills:
 * Level 10.4 Long Blades
 - Level 1.5 Dodging
 - Level 3.0 Stealth
 - Level 0.8 Unarmed Combat
 + Level 3.2 Spellcasting
 - Level 7.0 Conjurations
 - Level 4.4 Hexes
 - Level 1.8 Summonings
   Level 1.0 Translocations
 - Level 4.0 Air Magic
 - Level 5.2 Poison Magic


You had 2 spell levels left.
You knew the following spells:

 Your Spells              Type           Power        Failure   Level  Hunger
a - Magic Dart            Conj           ####         1%          1    None
b - Mephitic Cloud        Conj/Pois/Air  ####....     1%          3    ###....
c - Slow                  Hex            ###.....     3%          2    ##.....
d - Repel Missiles        Chrm/Air       ##....       12%         2    ##.....
e - Static Discharge      Conj/Air       ####....     1%          3    ###....
q - Call Imp              Summ           ##......     12%         2    ##.....


Dungeon Overview and Level Annotations

Branches:
Dungeon (8/15)             Temple (1/1) D:7
   Lair: D:8-11

Altars:
Ashenzari
Cheibriados
Dithmenos
Elyvilon
Fedhas
Gozag
Makhleb
Nemelex Xobeh
Pakellas
Qazlal
Ru
Trog
Vehumet
Xom
Yredelemnul
Zin
The Shining One

Shops:
D:6 (

Annotations:
D:5 2 runed doors
D:7 Dowan, Duvessa
D:8 exclusions: cyclops and 4 more exclusions, Blork the orc


Innate Abilities, Weirdness & Mutations

You cannot wear boots.
((Your serpentine skin is tough (AC +3).))
You have supernaturally acute eyesight.
((Armour fits poorly on your strangely shaped body.))
((Your system is resistant to poisons.))
((You cover ground very slowly.))
You have a slow metabolism.
You can spit poison.


Message History

The floor, spattered with blood.
Casting: Call Imp
Confirm with . or Enter, or press ? or * to list all spells.
Aiming: Mephitic Cloud
Press: ? - help, Shift-Dir - straight line, f - cyclops
Aim: a cyclops (heavily wounded)
The ball explodes into a vile cloud!
The stinking cloud engulfs the cyclops.
The cyclops is heavily wounded.
The stinking cloud engulfs the giant cockroach.
The stinking cloud engulfs you!
The giant cockroach is engulfed in noxious fumes.
The giant cockroach appears confused.
Unknown command.
You slash the cyclops!
The cyclops is severely wounded.
The giant cockroach is engulfed in noxious fumes.
The giant cockroach appears confused.
The giant cockroach bites the cyclops.
The cyclops is engulfed in noxious fumes.
The cyclops hits you!!
You die...

#..# #.....#.........# #..#
#.....#.........# ##..#
##############..# .#..#
##################.###### '#..#
#.....(.........,#.......
....#####..[..#.........,#.......
........#..#..#(.#####.,##.......
........#..#).#)(# *,,.#......##
..).....#..#..#.♣# **...#.....##.
........#..#..#sC#*#...##.....#..
........#..#..#§§#.[...#.....##..
###.....#..#..#.......##.....#...
#.....#..#..#.....###......#..#
###.....#..#..#($####.......##...
........#..#..####.'........#.)..
........#..#.......#........'.###
..##.####..#......##.......####[?


You could see a cyclops and a giant cockroach (confused).

Vanquished Creatures
  An ugly thing (D:6)
  A wyvern (D:8)
  Grum (D:8)
  A hungry ghost (D:8)
  A wolf (D:8)
  Menkaure (D:6)
  4 ice beasts
  A sky beast (D:8)
  A black bear (D:6)
  A phantom (D:4)
  A necrophage (D:5)
  5 ogres
  5 centaurs
  A crocodile (D:8)
  4 big kobolds
  2 giant frogs (D:8)
  A wyvern skeleton (D:8)
  2 scorpions
  A wight (D:8)
  2 centaur zombies (D:8)
  4 crimson imps
  8 hounds
  A quasit (D:6)
  A centaur skeleton (D:4)
  2 jellies
  3 orc priests
  Crazy Yiuf (D:7)
  3 giant frog skeletons
  3 iguanas (D:5)
  3 orc wizards
  8 worker ants
  A killer bee zombie (D:6)
  A mummy (D:5)
  A worker ant zombie (D:8)
  14 adders
  4 shadow imps
  3 oozes
  2 adder skeletons
  3 worms (D:3)
  12 giant geckos
  22 orcs
  2 ball pythons (D:2)
  10 giant cockroaches
  17 goblins
  9 hobgoblins
  8 jackals
  15 kobolds
  7 quokkas
  9 bats
  A giant gecko skeleton (D:4)
  6 giant newts
  A jackal skeleton (D:4)
  8 rats
230 creatures vanquished.

Vanquished Creatures (collateral kills)
  A wolf (D:8)
  A sky beast (D:5)
  Jessica (D:2)
  An adder (D:2)
  An orc (D:5)
  A giant gecko zombie (D:6)
6 creatures vanquished.

Vanquished Creatures (others)
  A sky beast (D:8)
  An orc wizard (D:6)
  A lightning spire (D:5)
  A hound skeleton (D:8)
  An adder (D:8)
  3 bushes (D:5)
8 creatures vanquished.

Grand Total: 244 creatures vanquished

Notes
Turn   | Place    | Note
--------------------------------------------------------------
     0 | D:1      | Leszczynek the Naga Wizard began the quest for the Orb.
     0 | D:1      | Reached XP level 1. HP: 15/15 MP: 4/4
     5 | D:1      | Noticed an electric eel
     5 | D:1      | Noticed an electric eel
   605 | D:1      | Reached XP level 2. HP: 22/22 MP: 1/6
   615 | D:1      | Learned a level 2 spell: Call Imp
   618 | D:1      | Learned a level 2 spell: Slow
  1395 | D:1      | Reached XP level 3. HP: 28/28 MP: 7/7
  1400 | D:1      | Learned a level 3 spell: Mephitic Cloud
  1623 | D:1      | Reached skill level 1 in Poison Magic
  1895 | D:2      | Reached XP level 4. HP: 32/36 MP: 5/8
  2358 | D:2      | Noticed Jessica
  2368 | D:2      | Killed Jessica
  2368 | D:2      | Reached skill level 4 in Poison Magic
  2438 | D:3      | Found a glowing silver altar of Zin.
  2442 | D:3      | Reached XP level 5. HP: 42/42 MP: 9/9
  2610 | D:3      | Reached skill level 5 in Poison Magic
  2913 | D:3      | Found a sparkling altar of Nemelex Xobeh.
  3014 | D:4      | You fall through a shaft for 3 floors!
  3099 | D:7      | Reached skill level 1 in Air Magic
  3244 | D:7      | Found a staircase to the Ecumenical Temple.
  3259 | Temple   | Entered the Ecumenical Temple
  3367 | Temple   | Became a worshipper of Vehumet
  3384 | D:7      | Noticed Duvessa
  3384 | D:7      | Noticed Dowan
  3410 | D:6      | Noticed a centaur
  3504 | D:7      | Learned a level 2 spell: Repel Missiles
  3554 | D:7      | Found a sacrificial altar of Ru.
  3578 | D:7      | Noticed Menkaure
  3709 | D:6      | Noticed a black bear
  3718 | D:6      | Noticed an ice beast
  3746 | D:6      | Killed an ice beast
  3746 | D:6      | Reached XP level 6. HP: 30/49 MP: 2/10
  3887 | D:6      | Found Efufeal's Antique Weapon Boutique.
  3894 | D:6      | Bought a runed great sword for 195 gold pieces
  4072 | D:6      | Reached skill level 1 in Long Blades
  4325 | D:5      | Entered Level 5 of the Dungeon
  4371 | D:4      | Found a blossoming altar of Fedhas.
  4389 | D:5      | Noticed an ice beast
  4434 | D:5      | Killed an ice beast
  4434 | D:5      | Reached XP level 7. HP: 4/55 MP: 6/11
  5088 | D:4      | Found a sparkling altar of Nemelex Xobeh.
  5248 | D:4      | Reached * piety under Vehumet
  5248 | D:4      | Offered knowledge of Sandblast by Vehumet.
  5248 | D:4      | Reached skill level 5 in Conjurations
  5683 | D:4      | Reached XP level 8. HP: 62/62 MP: 12/12
  5753 | D:4      | Found a shadowy altar of Dithmenos.
  5776 | D:4      | Found a sparkling altar of Nemelex Xobeh.
  6089 | D:4      | Found a shattered altar of Ashenzari.
  6190 | D:5      | HP: 3/62 [iguana (4)]
  6857 | D:5      | Found an oddly glowing altar of Pakellas.
  6860 | D:5      | Noticed a deep elf knight
  6862 | D:5      | Reached skill level 5 in Long Blades
  6983 | D:5      | Found a snail-covered altar of Cheibriados.
  7086 | D:5      | Found a runed door.
  7101 | D:5      | Found a runed door.
  7684 | D:5      | Reached skill level 6 in Long Blades
  7915 | D:6      | Noticed a brown ugly thing
  7988 | D:6      | Killed a brown ugly thing
  7988 | D:6      | Reached skill level 7 in Long Blades
  7988 | D:6      | Reached XP level 9. HP: 35/65 MP: 9/13
  8111 | D:6      | Offered knowledge of Throw Flame by Vehumet.
  8229 | D:6      | Reached ** piety under Vehumet
  8819 | D:6      | Reached skill level 1 in Hexes
  9478 | D:7      | Reached skill level 8 in Long Blades
  9527 | D:7      | Noticed Crazy Yiuf
  9541 | D:7      | Killed Crazy Yiuf
  9767 | D:7      | Found a white marble altar of Elyvilon.
  9830 | D:6      | Killed Menkaure
 10007 | D:7      | Offered knowledge of Static Discharge by Vehumet.
 10013 | D:7      | Learned a level 3 spell: Static Discharge
 10474 | D:8      | Noticed Blork the orc
 10515 | D:8      | Noticed Grum
 10678 | D:8      | Reached skill level 9 in Long Blades
 10924 | D:8      | Reached XP level 10. HP: 68/72 MP: 10/14
 10930 | D:8      | Reached *** piety under Vehumet
 11504 | D:8      | Reached skill level 10 in Long Blades
 11580 | D:8      | Offered knowledge of Olgreb's Toxic Radiance by Vehumet.
 11605 | D:8      | Noticed a cyclops
 12039 | D:8      | Killed Grum
 12139 | D:8      | HP: 5/112 [cyclops (20)]
 12143 | D:8      | Slain by a cyclops

Vault maps used:
D:1:      arrival_aquarium_b
D:2:      uniq_jessica
D:3:      zin_academy, nemelex_deck
D:4:      nicolae_overflow_hidden_temple, nicolae_overflow_crystal_walls,
          lemuel_coloured_pillars_altar,
          nicolae_dithmenos_through_a_glass_darkly, first_bread,
          nemelex_lonely_heart_becter
D:5:      lemuel_insect_pit, gammafunk_pakellas_spire_experiment, slow_altar_1
D:6:      serial_shops, shop, gup_sewer_entry_pipe, hangedman_minor_gate_pass
D:7:      elyvilon_altar_4, kennysheep_mini, minmay_temple_entry_statues,
          uniq_crazy_yiuf_cottage, uniq_menkaure, uniq_duvessa
D:8:      minmay_quarter_circles, tgw_sif, lemuel_flamethrower_2, uniq_grum
Temple:   nicolae_temple_figure_zero

Action                   |  1- 3 |  4- 6 |  7- 9 | 10-12 || total
-------------------------+-------+-------+-------+-------++-------
Melee: Whip              |    20 |       |       |       ||    20
       Dagger            |    71 |   132 |    19 |       ||   222
       Great sword       |       |    39 |   363 |   102 ||   504
Throw: Stone             |       |     6 |     6 |       ||    12
 Cast: Magic Dart        |    18 |     2 |     5 |       ||    25
       Call Imp          |     2 |    19 |    29 |     4 ||    54
       Repel Missiles    |       |     1 |     1 |     1 ||     3
       Mephitic Cloud    |       |     1 |     7 |     4 ||    12
       Static Discharge  |       |       |     2 |       ||     2
       Slow              |       |       |       |     7 ||     7
 Abil: Spit Poison       |     2 |       |       |       ||     2
  Use: Scroll            |     5 |     4 |    10 |     1 ||    20
       Potion            |       |     1 |     1 |     5 ||     7
 Stab: Sleeping          |     3 |     8 |     8 |     3 ||    22
       Distracted        |     1 |     2 |     1 |     1 ||     5
       Confused          |       |       |     1 |     1 ||     2
  Eat: Chunk             |     2 |     7 |    16 |     6 ||    31
       Pizza             |       |       |     2 |       ||     2
